 Dungeon Crawl Stone Soup version 0.27-a0-423-gf312af23e9 (webtiles) character file.

Game seed: 195157626658291534

5539 rageheart7 the Carver (level 10, -4/87 HPs)
             Began as a Barachi Fighter on Feb 26, 2021.
             Was a Priest of Cheibriados.
             Succumbed to poison (poison gas)
             ... on level 9 of the Dungeon.
             The game lasted 00:23:52 (11905 turns).

rageheart7 the Carver (Barachi Fighter)            Turns: 11905, Time: 00:23:53

Health: -4/87      AC: 18    Str: 26    XL:     10   Next: 71%
Magic:  8/10       EV: 10    Int: 16    God:    Cheibriados [***...]
Gold:   314        SH:  0    Dex: 23    Spells: 7/9 levels left

rFire    x . .     SeeInvis +   d - +1 short sword (venom)
rCold    + . .     Faith    .   (no shield)
rNeg     . . .     Spirit   .   A - +0 plate armour
rPois    .         Reflect  .   y - +1 helmet
rElec    .         Harm     .   p - +0 cloak
rCorr    .         Rampage  .   (no gloves)
Will     .....                  (no boots)
Stlth    ..........             (no amulet)
HPRegen  0.24/turn              q - ring of see invisible
MPRegen  0.12/turn              e - ring of ice

@: mighty, lethally poisoned (-4 -> -80), very slow
A: +LOS, swims, hooves 1, screaming 1, slowness 1, wild magic 1, strong legs 1
a: Hop, Renounce Religion, Bend Time, Temporal Distortion


You were on level 9 of the Dungeon.
You worshipped Cheibriados.
Cheibriados was most pleased with you.
You visited 2 branches of the dungeon, and saw 10 of its levels.
You also visited: Sewer.

You collected 314 gold pieces.

Inventory:

Hand Weapons
 a - a +0 long sword
 d - a +1 short sword of venom (weapon)
Armour
 c - a +0 kite shield
 l - a +0 buckler
 p - a +0 cloak (worn)
 v - a +0 tower shield
 y - a +1 helmet (worn)
 A - a +0 plate armour (worn)
Jewellery
 e - a ring of ice (right hand)
 q - a ring of see invisible (left hand)
Wands
 m - a wand of paralysis (16)
 n - a wand of flame (15)
Scrolls
 g - a scroll of identify
 h - 6 scrolls of enchant armour
 i - 2 scrolls of enchant weapon
 s - 3 scrolls of teleportation
 t - a scroll of fear
 x - a scroll of magic mapping
Potions
 f - 9 potions of flight
 o - a potion of magic
 r - 3 potions of attraction


   Skills:
 - Level 11.0 Fighting
 * Level 11.2 Long Blades
 * Level 10.5 Armour
 * Level 3.5 Dodging
 - Level 3.2 Shields


You had 7 spell levels left.
You knew the following spells:

 Your Spells              Type           Power        Failure   Level
a - Ensorcelled Hibernat  Hex/Ice        0%           99%         2

Your spell library contained the following spells:

 Spells                   Type           Power        Failure   Level
 Corona                   Hex            0%           95%         1
 Magic Dart               Conj           0%           95%         1
 Blink                    Tloc           N/A          99%         2
 Call Imp                 Summ           0%           99%         2
 Slow                     Hex            0%           99%         2
 Confusing Touch          Hex            0%           100%        3
 Conjure Flame            Conj/Fire      0%           100%        3
 Dazzling Flash           Conj/Hex       0%           100%        3
 Mephitic Cloud           Conj/Pois/Air  0%           100%        3
 Tukima's Dance           Hex            0%           100%        3


Dungeon Overview and Level Annotations

Branches:
Dungeon (9/15)             Temple (1/1) D:4           Sewer (visited)
   Lair: D:8-11         Orc: D:9-12

Altars:
Ashenzari
Cheibriados
Dithmenos
Elyvilon
Fedhas
Gozag
Hepliaklqana
Kikubaaqudgha
Makhleb
Nemelex Xobeh
Okawaru
Qazlal
Ru
Sif Muna
Trog
Uskayaw
Vehumet
Wu Jian
Xom
Yredelemnul
Zin
The Shining One

Annotations:
D:5 3 runed translucent doors, dickylongcocking's ghost, weakling BaDe


Innate Abilities, Weirdness & Mutations

You can be seen from farther away. (+LOS)
You can swim through water.
You cover ground slowly.
You can hop short distances.
You have large cloven feet.
You occasionally shout uncontrollably at your foes.
Your spells are a little harder to cast, but a little more powerful.


Message History

You are engulfed in poison gas.
You are more poisoned.
You feel sick. The swamp dragon bites you.
The swamp dragon claws you but does no damage.
The swamp dragon tramples you but does no damage.
You puncture the swamp dragon! You kick the swamp dragon.
The swamp dragon is severely wounded.
You are engulfed in poison gas.
You are lethally poisoned!
You feel sick. The swamp dragon closely misses you.
The swamp dragon claws you but does no damage.
The swamp dragon completely misses you.
You barely miss the swamp dragon.
The swamp dragon is severely wounded.
You are engulfed in poison gas.
You are more poisoned.
* * * LOW HITPOINT WARNING * * *
x2 You feel very sick.
Unknown command.
You puncture the swamp dragon!
The swamp dragon looks as sick as possible!
You kick the swamp dragon.
You kill the swamp dragon!
Cheibriados thoroughly appreciates the change of pace.
You are engulfed in poison gas.
You are more poisoned.
* * * LOW HITPOINT WARNING * * *
You feel sick.
Your Armour skill increases to level 10!
Okay, then.
You are engulfed in poison gas.
You are more poisoned.
* * * LOW HITPOINT WARNING * * *
x2 You feel extremely sick.
Things that are here:
a +0 halberd; a +0 chain mail You fail to use your ability.
* * * LOW HITPOINT WARNING * * *
You feel very sick.
You die...

##### #...### #.#...#####
#.###.....# ###.# #####.# #
#.).# #≈#.# .## ##@###
###≈#.# ...# #..#≈###≈≈≈#.#
....### #†##≈#≈#≈≈##.#
......#### #.#≈≈≈≈#≈#≈#.#
##......######.#≈≈≈≈#≈#≈#.#
#...........#..#≈###≈≈#≈#.#
#..#.†........##≈# #≈##≈#.#
#####..(.....≈##≈≈#
#≈##≈#.#
.#..#..###....#≈≈≈#
#≈##≈#.#


There were no monsters in sight!

Vanquished Creatures
  A two-headed ogre (D:9)
  A swamp dragon (shapeshifter) (D:9)
  Pikel (D:5)
  An ugly thing (D:9)
  A hornet (D:9)
  Prince Ribbit (D:5)
  Eustachio (D:5)
  Edmund (D:5)
  Duvessa (D:5)
  A black bear (D:7)
  A sky beast (D:9)
  An orc warrior (D:9)
  An ogre (D:6)
  A centaur (D:7)
  A phantom (D:2)
  3 lemures (D:5)
  3 bullfrogs
  A kobold brigand (D:9)
  Dowan (D:5)
  3 scorpions
  4 killer bees
  3 howler monkeys (D:8)
  A centaur zombie (D:8)
  A bullfrog zombie (D:5)
  5 hounds
  2 jellies
  Crazy Yiuf (D:3)
  5 orc priests
  3 bullfrog skeletons
  Terence (D:2)
  3 iguanas
  8 worker ants
  Natasha (thrice) (D:3)
  9 orc wizards
  A howler monkey zombie (D:8)
  14 gnolls
  7 adders
  A shadow imp (D:7)
  2 white imps
  4 oozes
  5 worms
  3 dart slugs
  4 leopard geckos
  30 orcs
  4 giant cockroaches
  7 goblins
  11 hobgoblins
  10 jackals
  5 quokkas
  6 ball pythons
  13 bats
  10 frilled lizards
  11 kobolds
  A quokka zombie (D:6)
  5 rats
229 creatures vanquished.

Vanquished Creatures (others)
  2 plants (D:2)
2 creatures vanquished.

Grand Total: 231 creatures vanquished

Notes
Turn   | Place    | Note
-------+----------+-------------------------------------------
     0 | D:1      | rageheart7 the Barachi Fighter began the quest for the Orb.
     0 | D:1      | Reached XP level 1. HP: 18/18 MP: 1/1
   281 | D:1      | Reached XP level 2. HP: 25/25 MP: 2/2
   727 | D:1      | Reached XP level 3. HP: 31/31 MP: 3/3
  1272 | D:2      | Noticed Terence
  1303 | D:2      | Killed Terence
  1304 | D:2      | Reached XP level 4. HP: 13/38 MP: 4/4
  2239 | D:2      | Noticed a phantom
  2265 | D:2      | Killed a phantom
  2266 | D:2      | Reached skill level 5 in Fighting
  2266 | D:2      | Reached skill level 5 in Long Blades
  2266 | D:2      | Reached XP level 5. HP: 19/44 MP: 5/5
  2998 | D:3      | Reached XP level 6. HP: 50/51 MP: 6/6
  3604 | D:3      | Noticed Natasha
  3618 | D:3      | Killed Natasha
  3809 | D:3      | Found a runed translucent door.
  3810 | D:3      | Noticed Crazy Yiuf
  4067 | D:3      | Noticed Natasha
  4072 | D:3      | Killed Natasha
  4172 | D:3      | Noticed Natasha
  4182 | D:3      | Killed Natasha
  4319 | D:3      | Killed Crazy Yiuf
  4680 | D:4      | Found a glowing drain.
  4688 | D:4      | Reached XP level 7. HP: 58/58 MP: 7/7
  4740 | Sewer    | Entered a sewer
  5591 | D:4      | Found a shadowy altar of Dithmenos.
  5825 | D:4      | Found a staircase to the Ecumenical Temple.
  6004 | D:4      | Found a sparkling altar of Nemelex Xobeh.
  6279 | Temple   | Entered the Ecumenical Temple
  6466 | Temple   | Became a worshipper of Cheibriados the Contemplative
  6553 | D:5      | Entered Level 5 of the Dungeon
  6578 | D:5      | Noticed Edmund
  6585 | D:5      | Noticed Pikel
  6598 | D:5      | Killed Edmund
  6626 | D:5      | Paralysed by Pikel for 2 turns
  6638 | D:5      | Killed Pikel
  6639 | D:5      | Reached XP level 8. HP: 19/70 MP: 8/8
  6945 | D:5      | Noticed Dowan
  6945 | D:5      | Noticed Duvessa
  6961 | D:5      | Killed Dowan
  7010 | D:5      | Killed Duvessa
  7379 | D:5      | Found a runed translucent gate.
  7380 | D:5      | Found a runed translucent gate.
  7380 | D:5      | Noticed dickylongcocking's ghost (weakling BaDe)
  7381 | D:5      | Found a runed translucent gate.
  7400 | D:5      | Noticed Prince Ribbit
  7435 | D:5      | Killed Prince Ribbit
  7436 | D:5      | Reached XP level 9. HP: 63/78 MP: 9/9
  7443 | D:5      | Reached skill level 10 in Long Blades
  7536 | D:5      | Found a white marble altar of Elyvilon.
  7551 | D:5      | Reached skill level 10 in Fighting
  7618 | D:5      | Noticed Eustachio
  7637 | D:5      | Killed Eustachio
  8150 | D:5      | Gained mutation: You occasionally shout uncontrollably at
                  | your foes. [potion of mutation]
  8150 | D:5      | Gained mutation: You have large cloven feet. [potion of
                  | mutation]
  8150 | D:5      | Gained mutation: Your spells are a little harder to cast,
                  | but a little more powerful. [potion of mutation]
  8326 | D:6      | Reached * piety under Cheibriados
  8967 | D:6      | You fall into a shaft and drop 1 floor!
  9246 | D:6      | Found a burning altar of Makhleb.
  9736 | D:7      | Reached ** piety under Cheibriados
  9752 | D:7      | Reached skill level 1 in Dodging
 10077 | D:7      | Reached skill level 5 in Armour
 11101 | D:8      | Reached *** piety under Cheibriados
 11102 | D:8      | Reached XP level 10. HP: 80/87 MP: 10/10
 11522 | D:8      | Learned a level 2 spell: Ensorcelled Hibernation
 11661 | D:9      | Noticed a brown ugly thing
 11677 | D:9      | Killed a brown ugly thing
 11827 | D:9      | Noticed a two-headed ogre
 11854 | D:9      | Killed a two-headed ogre
 11880 | D:9      | Noticed a swamp dragon
 11880 | D:9      | a tarantella changed into a swamp dragon
 11902 | D:9      | Killed a swamp dragon
 11903 | D:9      | Reached skill level 10 in Armour
 11904 | D:9      | HP: 3/87 [poison (poison gas)]
 11905 | D:9      | Succumbed to poison (poison gas)

Illustrated notes

Levels and vault maps discovered:
D:1:      minmay_arrival_glassed_features, layout_loops_ring
D:2:      layout_basic, st_stairs_3, serial_bayou_lagoon_b, uniq_terence
D:3:      layout_loops_corners, uniq_natasha, uniq_crazy_yiuf_cottage
D:4:      layout_loops_ring, nemelex_xobeh_ov_fountains_minmay, temple_green,
          gup_sewer_entry_glass, nicolae_dithmenos_the_darkroom
D:5:      layout_loops_ring, ebering_ghost_rock_garden, basic_altar,
          small_statue_intersection, amcnicky_mini_rare_corridor_liquid,
          minmay_misc_feat_enclosed, kennysheep_another_room,
          uniq_prince_ribbit1, uniq_eustachio, uniq_pikel, uniq_duvessa,
          uniq_edmund
D:6:      layout_basic, lemuel_tele_altar
D:7:      layout_loops_ring
D:8:      layout_basic
D:9:      hangedman_cross_cluster, layout_rooms, david_orc_4, kennysheep_nub,
          chequers_serial_rivers_large_b, minmay_circle_x
Temple:   minmay_crystal_snake_temple

Skill      XL: |  1  2  3  4  5  6  7  8  9 10 |
---------------+-------------------------------+-----
Fighting       | 4 5 6 8 9 11 | 11.0
Long Blades    | 3 4 5 6 7 9 10 11 | 11.2
Armour         | 6 10 | 10.5
Dodging        | 2 3 |  3.5
Shields        | |  3.2

Action                   |  1- 3 |  4- 6 |  7- 9 | 10-12 || total
-------------------------+-------+-------+-------+-------++-------
Melee: Long sword        |   123 |    14 |       |       ||   137
       Short sword       |       |   174 |   513 |    99 ||   786
       Dagger            |       |    14 |       |       ||    14
       Kick              |       |       |   102 |    50 ||   152
Invok: Bend Time         |       |       |       |     1 ||     1
 Abil: Hop               |       |       |     4 |     2 ||     6
Evoke: Wand              |       |       |       |     1 ||     1
  Use: Potion            |     1 |     3 |     8 |     7 ||    19
       Scroll            |       |     5 |    13 |     1 ||    19
 Stab: Invisible         |       |       |     1 |       ||     1
Armor: Scale mail        |    70 |    74 |   151 |       ||   295
       Skin              |       |     5 |     9 |       ||    14
       Plate armour      |       |       |    79 |    68 ||   147
Dodge: Dodged            |    45 |    73 |   191 |    67 ||   376
Block: Kite shield       |    43 |       |       |       ||    43
       Rpst.: Long sword |    16 |     2 |       |       ||    18

Table legend: (Time is in decaauts)
 A = Elapsed time spent in this place.
 B = Non-inter-level travel time spent in this place.
 C = Inter-level travel time spent in this place.
 D = Time resting spent in this place.
 E = Time spent auto-exploring this place.
 F = Levels seen in this place.
 G = Mean time per level.
                   A        B        C        D        E       F      G
               +--------+--------+--------+--------+--------+-----+--------+
         Total |  14511 |  13749 |    762 |   2913 |   8749 |  11 | 1319.2 |
       Dungeon |  13654 |  12954 |    700 |   2839 |   8163 |   9 | 1517.1 |
        Temple |    254 |    193 |     61 |      0 |    190 |   1 |  254.0 |
         Sewer |    602 |    602 |      0 |     74 |    395 |   1 |  602.0 |
               +--------+--------+--------+--------+--------+-----+--------+

Top non-repeatable levels by time:
     D:3: 2077 daAuts
     D:5: 1962 daAuts
     D:2: 1767 daAuts
     D:6: 1690 daAuts
     D:7: 1556 daAuts
     D:8: 1482 daAuts
     D:4: 1393 daAuts
     D:1: 1246 daAuts
   Sewer: 602 daAuts
     D:9: 476 daAuts
  Temple: 254 daAuts
